 Dungeon Crawl Stone Soup version 0.21.1-1-g345015f (webtiles) character file.

21746 Fang the Cleaver (level 12, -17/78 HPs)
             Began as a Gargoyle Berserker on June 13, 2018.
             Was a High Priest of Trog.
             Demolished by Rupert
             ... wielding a +3 battleaxe of chopping
              (35 damage)
             ... on level 3 of the Lair of Beasts.
             The game lasted 00:21:24 (12430 turns).

Fang the Cleaver (Gargoyle Berserker)              Turns: 12430, Time: 00:21:24

Health: -17/78     AC: 23    Str: 25    XL:     12   Next: 93%
Magic:  12/12      EV: 15    Int: 13    God:    Trog [*****.]
Gold:   926        SH:  0    Dex:  9    Spells: 11/11 levels left

rFire    + + .     SeeInvis +   k - +3 executioner's axe "Ojie" {protect, *Slow rF++}
rCold    . . .     Gourm    .   (shield currently unavailable)
rNeg     + . .     Faith    .   s - +3 troll leather armour {Purgy}
rPois    ∞         Spirit   .   (no helmet)
rElec    +         Reflect  .   (no cloak)
rCorr    .         Harm     .   (no gloves)
MR       .....                  (no boots)
Stlth    +++.......             D - amulet of regeneration
HPRegen  1.03/turn              u - +4 ring of intelligence
MPRegen  0.13/turn              C - ring of see invisible

@: protection aura, berserk cooldown, slowed, very slow
A: negative energy resistance 1, electricity resistance, unbreathing,
petrification resistance, rot immunity, AC +8
a: Berserk, Trog's Hand, Brothers in Arms, Burn Spellbooks, Renounce Religion


You were on level 3 of the Lair of Beasts.
You worshipped Trog.
Trog was extremely pleased with you.
You were very hungry.

You visited 2 branches of the dungeon, and saw 13 of its levels.
You also visited: Sewer.

You collected 926 gold pieces.

Inventory:

Hand Weapons
 a - a +0 hand axe
 f - a +4 war axe
 k - the +3 executioner's axe "Ojie" (weapon) {protect, *Slow rF++}
   (Trog gifted it to you on level 10 of the Dungeon)

   It protects the one who uses it against injury (+AC on strike).
   It greatly protects you from fire.
   It may slow you when you take damage.
Missiles
 E - 8 javelins (quivered)
Armour
 s - a +3 troll leather armour (worn) {Purgy}
Jewellery
 u - a +4 ring of intelligence (left hand)
 x - an uncursed ring of resist corrosion
 z - an uncursed ring of magical power
 C - a ring of see invisible (right hand)
 D - an amulet of regeneration (around neck)
 G - an uncursed amulet of rage
Wands
 g - a wand of iceblast (4)
 r - a wand of flame (23)
Scrolls
 e - 6 scrolls of remove curse
 i - 6 scrolls of teleportation
 j - 4 scrolls of magic mapping
 t - 2 scrolls of identify
 y - a scroll of fog
 A - a scroll of amnesia {unknown}
 B - a scroll of holy word {unknown}
 H - a scroll of noise {unknown}
Potions
 d - 3 potions of brilliance
 h - 7 potions of flight
 l - 4 potions of heal wounds
 m - 4 potions of might
 n - a potion of invisibility
 p - 3 potions of cancellation
 q - 3 potions of curing
 v - 2 potions of magic
 w - a potion of haste
Books
 b - a book of Misfortune

   Spells                             Type                      Level
   a - Confusing Touch                Hexes                        1
   b - Confuse                        Hexes                        3
   c - Gell's Gravitas                Translocation                3
   d - Petrify                        Transmutation/Earth          4
   e - Metabolic Englaciation         Hexes/Ice                    5
   f - Yara's Violent Unravelling     Hexes/Transmutation          5
   Trog disapproves of the use of such an item.
 o - a book of Battle

   Spells                             Type                      Level
   a - Infusion                       Charms                       1
   b - Shroud of Golubria             Charms/Translocation         2
   c - Song of Slaying                Charms                       2
   d - Spectral Weapon                Hexes/Charms                 3
   e - Regeneration                   Charms/Necromancy            3
   Trog disapproves of the use of such an item.
 F - a Young Poisoner's Handbook

   Spells                             Type                      Level
   a - Sting                          Conjuration/Poison           1
   b - Poisonous Vapours              Poison/Air                   2
   c - Mephitic Cloud                 Conjuration/Poison/Air       3
   d - Olgreb's Toxic Radiance        Poison                       4
   e - Venom Bolt                     Conjuration/Poison           5
   Trog disapproves of the use of such an item.
Comestibles
 c - 19 rations
 I - 5 chunks of flesh


   Skills:
 + Level 10.3 Fighting
 + Level 14.0 Axes
 + Level 5.3 Armour
 + Level 7.9 Dodging
 + Level 5.7 Stealth


You had 11 spell levels left.
You didn't know any spells.

Dungeon Overview and Level Annotations

Branches:
Dungeon (10/15)            Temple (0/1) D:7            Lair (3/6) D:10
 Shoals (0/4) Lair:3       Spider (0/4) Lair:2
    Orc: D:9-12

Altars:
Ashenzari
Cheibriados
Elyvilon
Hepliaklqana
Kikubaaqudgha
Makhleb
Okawaru
Qazlal
Ru
Trog
Uskayaw
Vehumet
Xom
Yredelemnul
The Shining One

Shops:
D:7 :   D:10 }

Annotations:
D:8 1 transporter
Lair:3 exclusion: 2 oklob plants, Rupert


Innate Abilities, Weirdness & Mutations

You are resistant to torment.
Your stone body is resilient. (AC +8)
You are immune to poison.
You resist negative energy. (rN+)
You are resistant to electric shocks. (rElec)
You can survive without breathing.
You are immune to petrification.
You are immune to rotting.


Message History

Rupert is heavily wounded.
Rupert hits you with a battleaxe of chopping.
You slice Rupert!!
Rupert is heavily wounded.
Rupert barely misses you.
You slice Rupert!!
Rupert is severely wounded.
You are no longer berserk.
You are exhausted.
You feel yourself slow down. Rupert closely misses you.
You slice Rupert!!
Rupert is almost dead.
You are feeling very hungry.
Rupert hits you with a battleaxe of chopping!
* * * LOW HITPOINT WARNING * * *
x2 Rupert closely misses you.
You hit Rupert.
Rupert is almost dead.
Rupert hits you with a battleaxe of chopping!!
You die...

.......## .# .## #.#.....#.
<.......# ##.##......##.....###
........#####...#..##.#.#.#..##..
.......#....#...........##....#..
.........#....................#..
........................#8.<.8#..
.....P........................#..
........................##.8.#...
................@@...... #.#.....
.................$...... ........
.................................
.......#....#....................
......###########................
......## ####............
..÷....### ............
..)†....P# #.......... ..††.....#
#........#.


You could see Rupert (berserk).

Vanquished Creatures
  2 two-headed ogres
  An ugly thing (D:10)
  4 elephants
  A merfolk siren (Lair:3)
  3 black mambas
  4 spiny frogs
  3 komodo dragons
  3 rime drakes
  A troll (D:8)
  9 blink frogs (Lair:3)
  2 polar bears
  A hornet (Lair:2)
  8 hippogriffs
  2 spriggans (Lair:1)
  A human (D:7)
  11 yaks
  3 wyverns
  3 hogs (D:7)
  2 hungry ghosts
  3 water moccasins
  Purgy (Sewer)
  8 porcupines
  An ice beast (D:9)
  2 sky beasts
  4 orc warriors
  2 black bears
  An eye of draining (D:10)
  8 ogres
  3 centaurs
  3 crocodiles (Lair:2)
  A big kobold (D:7)
  8 bullfrogs
  9 scorpions
  A water moccasin skeleton (D:4)
  7 wights
  21 killer bees
  2 electric eels (Lair:1)
  8 howler monkeys
  5 crimson imps
  A centaur zombie (D:7)
  A bullfrog zombie (D:9)
  3 jellies
  2 quasits
  8 orc priests
  2 bullfrog skeletons
  5 hounds
  11 orc wizards
  Jessica (D:2)
  A centaur skeleton (D:10)
  10 worker ants
  3 iguanas
  A hound zombie (D:5)
  3 hound skeletons
  A worker ant zombie (D:8)
  3 adders
  8 gnolls
  A river rat (D:4)
  2 shadow imps (D:9)
  3 oozes
  An adder zombie (D:7)
  3 worms
  A dart slug (D:4)
  A leopard gecko (D:1)
  37 orcs
  13 giant cockroaches
  5 goblins
  4 hobgoblins
  7 jackals
  6 quokkas
  6 ball pythons
  5 bats
  9 frilled lizards
  A jackal zombie (D:5)
  8 kobolds
  A leopard gecko skeleton (D:5)
  2 leopard gecko zombies
  12 rats
  A fungus (Lair:1)
  A plant (Lair:1)
356 creatures vanquished.

Vanquished Creatures (others)
  A fungus (Lair:3)
  5 plants
6 creatures vanquished.

Grand Total: 362 creatures vanquished

Notes
Turn   | Place    | Note
-------+----------+-------------------------------------------
     0 | D:1      | Fang the Gargoyle Berserker began the quest for the Orb.
     0 | D:1      | Reached XP level 1. HP: 14/14 MP: 1/1
   144 | D:1      | Reached XP level 2. HP: 17/19 MP: 2/2
   168 | D:1      | Reached skill level 3 in Axes
   399 | D:1      | Reached XP level 3. HP: 20/24 MP: 3/3
   799 | D:2      | Found a burning altar of Makhleb.
   926 | D:2      | Noticed Jessica
   939 | D:2      | Killed Jessica
   939 | D:2      | Reached XP level 4. HP: 22/29 MP: 4/4
  1131 | D:2      | Reached ** piety under Trog
  1355 | D:2      | Reached skill level 1 in Stealth
  1537 | D:3      | Reached skill level 4 in Axes
  1537 | D:3      | Reached XP level 5. HP: 33/33 MP: 5/5
  1978 | D:3      | Found a glowing golden altar of the Shining One.
  2123 | D:3      | Found a sacrificial altar of Ru.
  2475 | D:4      | Reached XP level 6. HP: 35/38 MP: 6/6
  2540 | D:4      | Reached skill level 5 in Axes
  2601 | D:4      | Found a hazy altar of Hepliaklqana.
  2928 | D:4      | Reached XP level 7. HP: 44/44 MP: 7/7
  2942 | D:4      | Found a glowing drain.
  2956 | Sewer    | Entered a sewer
  3157 | Sewer    | Noticed Purgy
  3161 | Sewer    | Reached *** piety under Trog
  3173 | Sewer    | Killed Purgy
  3442 | D:4      | Reached skill level 5 in Fighting
  3457 | D:4      | Found a white marble altar of Elyvilon.
  3571 | D:5      | Entered Level 5 of the Dungeon
  3767 | D:5      | Reached skill level 6 in Axes
  3789 | D:5      | Found a basalt altar of Yredelemnul.
  3816 | D:5      | Reached XP level 8. HP: 21/49 MP: 8/8
  4238 | D:5      | Found an ancient bone altar of Kikubaaqudgha.
  4530 | D:6      | Found a bloodstained altar of Trog.
  4542 | D:6      | Reached **** piety under Trog
  4594 | D:6      | Found a shattered altar of Ashenzari.
  4735 | D:6      | Reached skill level 7 in Axes
  5147 | D:6      | Reached XP level 9. HP: 55/55 MP: 9/9
  5166 | D:6      | Reached skill level 5 in Dodging
  5211 | D:6      | Found a bloodstained altar of Trog.
  5440 | D:7      | Found a staircase to the Ecumenical Temple.
  5769 | D:7      | Found Kur Giogupe's Book Shoppe.
  5798 | D:7      | Reached skill level 8 in Axes
  5942 | D:7      | Reached ***** piety under Trog
  6017 | D:7      | Reached skill level 9 in Axes
  6113 | D:7      | Reached XP level 10. HP: 63/63 MP: 10/10
  6249 | D:7      | Found a snail-covered altar of Cheibriados.
  6249 | D:7      | Found a radiant altar of Vehumet.
  6251 | D:7      | Found a shimmering altar of Xom.
  6826 | D:8      | Noticed a two-headed ogre
  6844 | D:8      | Killed a two-headed ogre
  6844 | D:8      | Reached skill level 10 in Axes
  6963 | D:8      | Found a transporter.
  7344 | D:8      | Found a stormy altar of Qazlal.
  7602 | D:9      | Reached XP level 11. HP: 68/68 MP: 11/11
  7726 | D:9      | Reached skill level 11 in Axes
  7943 | D:9      | Found an iron altar of Okawaru.
  8075 | D:9      | Found a hide-covered altar of Uskayaw.
  8076 | D:9      | Noticed a hand axe
  8078 | D:9      | Noticed a hand axe
  8401 | D:10     | Entered Level 10 of the Dungeon
  8470 | D:10     | Noticed a red ugly thing
  8479 | D:10     | Killed a red ugly thing
  8585 | D:10     | Found Siemamuv's Gadget Emporium.
  8604 | D:10     | Noticed a two-headed ogre
  8615 | D:10     | Killed a two-headed ogre
  8694 | D:10     | Received a gift from Trog
  8698 | D:10     | Got a twisted executioner's axe {god gift}
  8850 | D:10     | Identified the +3 executioner's axe "Ojie" {protect, *Slow rF++} (Trog gifted it to you on level 10 of the Dungeon)
  9038 | D:10     | Found a staircase to the Lair.
  9392 | Lair:1   | Entered Level 1 of the Lair of Beasts
  9436 | Lair:1   | Reached skill level 12 in Axes
  9833 | Lair:1   | Reached skill level 5 in Stealth
 10226 | Lair:1   | Reached skill level 5 in Armour
 10334 | Lair:1   | Reached XP level 12. HP: 50/76 MP: 12/12
 10952 | Lair:2   | Found a hole to the Spider Nest.
 11136 | Lair:2   | Reached skill level 13 in Axes
 11720 | Lair:3   | Noticed a four-headed hydra
 11772 | Lair:3   | Found a staircase to the Shoals.
 11809 | Lair:3   | Reached skill level 10 in Fighting
 12268 | Lair:3   | Reached skill level 14 in Axes
 12282 | Lair:3   | Received a gift from Trog
 12413 | Lair:3   | Noticed Rupert
 12430 | Lair:3   | Demolished by Rupert

Skill      XL: |  1  2  3  4  5  6  7  8  9 10 11 12 |
---------------+-------------------------------------+-----
Axes           | 3 4 5 6 7 9 10 12 14 | 14.0
Dodging        | 2 3 4 5 6 7 |  7.9
Fighting       | 4 5 6 7 8 9 10 | 10.3
Stealth        | 1 2 3 4 5 |  5.7
Armour         | 3 4 5 |  5.3

Action                   |  1- 3 |  4- 6 |  7- 9 | 10-12 || total
-------------------------+-------+-------+-------+-------++-------
Melee: Hand axe          |    86 |   163 |   529 |       ||   778
       War axe           |       |       |    84 |   249 ||   333
       Executioner's axe |       |       |       |   338 ||   338
Invok: Berserk           |     1 |     3 |     5 |    10 ||    19
  Use: Scroll            |       |       |    19 |     6 ||    25
       Potion            |       |       |       |     1 ||     1
 Stab: Sleeping          |     2 |     2 |     2 |    14 ||    20
  Eat: Chunk             |       |    10 |     8 |    23 ||    41
       Ration            |       |       |     4 |     2 ||     6
Armor: Animal skin       |    29 |    63 |    29 |       ||   121
       Troll leather arm |       |       |   254 |   439 ||   693
Dodge: Dodged            |    60 |   117 |   446 |   642 ||  1265
